Map: Terraform LE (Void)

Players

Testsubject - Winner!

  • Race: Zerg Zerg
  • League: Silver

wabbajack

  • Race: Zerg Zerg
  • League: Gold

VOD

Have the link to the VOD?

Description

Time

  • Played on: July 21, 2015, 10:07 p.m.
  • Length: 6:22
Show
View Real Time Build Order
Export as new Build Order

Testsubject Zerg - Winner!

Build Orders: Hatch First 

Get SALT Encoding   

  12  0:01  Drone  
  13  0:13  Overlord  
  13  0:18  Drone  
  14  0:31  Drone x2  
  16  0:36  Drone  
  17  0:55  Hatchery  
  17  0:56  Drone  
  17  0:59  Drone  
  18  1:07  Drone  
  19  1:19  Spawning Pool  
  19  1:22  Drone, Extractor  
  18  1:29  Drone  
  19  1:39  Drone  
  20  1:50  Overlord  
  20  2:05  Zergling x2  
  20  2:07  Queen x2  
  25  2:09  Zergling x2  
  25  2:13  Drone  
  27  2:18  Drone  
  28  2:25  Drone  
  29  2:30  Drone  
  29  2:34  Metabolic Boost  
  30  2:42  Drone  
  30  2:43  Drone, Baneling Nest  
  31  2:52  Drone x2  
  31  2:54  Overlord  
  33  3:00  Overlord  
  33  3:24  Zergling x18  
  33  3:25  Zergling x2  
  43  3:29  Baneling x4  
  43  3:38  Drone  
  43  3:40  Drone  
  46  3:41  Drone  
  46  3:49  Drone x2  
  48  3:57  Drone x4  
  48  3:58  Overlord  
  48  3:59  Overlord x3  
  48  4:21  Zergling x2  
  48  4:22  Zergling x8  
  45  4:31  Zergling x2  
  45  4:32  Spine Crawler x3, Zergling x12  
  45  4:34  Zergling x2  
  50  4:40  Lair  
  50  4:45  Extractor  
  49  4:59  Drone x3  
  52  5:00  Drone  
  52  5:01  Zergling x14  
  52  5:02  Zergling x2  
  61  5:13  Drone x2  
  63  5:20  Zergling x2  
  64  5:28  Zergling x12  
  65  5:29  Zergling x2  
  65  5:30  Overlord  
  65  5:32  Zergling x2  
  72  5:41  Hydralisk Den  
  64  5:52  Zergling x8  
  60  5:58  Zergling x2  
  60  5:59  Zergling x14  
Show
View Real Time Build Order
Export as new Build Order

wabbajack Zerg 

Build Orders: Hatch First 

Get SALT Encoding   

  12  0:01  Drone  
  13  0:14  Overlord  
  13  0:19  Drone  
  14  0:30  Extractor  
  14  0:31  Drone  
  14  0:33  Drone  
  16  0:37  Drone  
  17  0:58  Hatchery  
  17  0:59  Drone  
  17  1:00  Extractor  
  17  1:03  Drone  
  17  1:09  Drone  
  18  1:26  Spawning Pool  
  18  1:28  Drone  
  18  1:30  Drone  
  19  1:41  Drone  
  20  1:52  Drone  
  21  1:56  Extractor  
  20  2:02  Overlord  
  20  2:12  Queen  
  20  2:13  Queen  
  20  2:15  Metabolic Boost  
  24  2:19  Drone  
  25  2:29  Roach Warren  
  24  2:33  Drone x2  
  26  2:39  Zergling x2  
  27  2:46  Drone x3  
  30  2:56  Overlord  
  30  2:58  Overlord  
  30  3:03  Overlord  
  30  3:17  Drone  
  31  3:23  Roach x4  
  39  3:36  Roach  
  39  3:37  Roach x3  
  47  3:45  Roach  
  47  3:46  Roach x2  
  53  3:49  Roach  
  53  3:54  Roach  
  57  3:58  Roach  
  59  4:03  Drone  
  59  4:05  Overlord  
  59  4:08  Overlord  
  55  4:31  Queen  
  55  4:34  Queen  
  55  4:36  Roach  
  55  4:37  Roach x3  
  67  4:47  Overlord  
  67  4:55  Drone  
  67  4:57  Spine Crawler  
  67  4:58  Zergling x8  
  67  4:59  Zergling x2  
  72  5:22  Zergling x2  
  72  5:23  Zergling x14  
  80  5:31  Overlord  
Tags
 
Add a new tag
Caveats
  • Supply blocks, unpowered buildings, or Contaminate may cause inaccurate times.
  • Supply counts are checked every 10 seconds.